 Dungeon Crawl Stone Soup version 0.28-a0-533-g9f97627e2a (webtiles) character file.

Game seed: 18429760791223903122

2 Bearserka the Vexing (level 1, 0/19 HPs)
             Began as an Ogre Arcane Marksman on Sept 24, 2021.
             Slain by a ball python (1 damage)
             ... on level 1 of the Dungeon on Sept 25, 2021.
             The game lasted 00:04:03 (118 turns).

Bearserka the Vexing (Ogre Arcane Marksman)          Turns: 118, Time: 00:04:04

Health: 0/19       AC:  3    Str: 13    XL:     1   Next: 40%
Magic:  2/2        EV:  9    Int: 14    God:
Gold:   0          SH:  0    Dex:  9    Spells: 2/2 levels left

rFire   . . .      SeeInvis .   d - +0 whip
rCold   . . .      Faith    .   (no shield)
rNeg    . . .      Spirit   .   a - +0 robe
rPois   .          Reflect  .   (helmet restricted)
rElec   .          Harm     .   (no cloak)
rCorr   .          Rampage  .   (gloves unavailable)
Will    .....                   (boots unavailable)
Stlth   +.........              (no amulet)
HPRegen 0.06/turn               (no ring)
MPRegen 0.08/turn               (no ring)

@: no status effects
A: large, unfitting armour, tough skin 1
a: no special abilities


You were on level 1 of the Dungeon.
You visited 1 branch of the dungeon, and saw 1 of its levels.

Inventory:

Hand Weapons
 d - a +0 whip (weapon)
Missiles
 b - 4 large rocks (quivered)
 c - 2 throwing nets
Armour
 a - a +0 robe (worn)


   Skills:
 + Level 1.3 Fighting
 + Level 2.1 Throwing
 + Level 1.7 Dodging
 + Level 1.3 Spellcasting
 + Level 2.7 Hexes


You had 2 spell levels left.
You didn't know any spells.
Your spell library contained the following spells:

 Spells                   Type           Power      Damage    Failure   Level
 Slow                     Hex            8%         N/A       13%         2
 Inner Flame              Hex/Fire       4%         N/A       41%         3
 Portal Projectile        Hex/Tloc       8%         N/A       41%         3
 Cause Fear               Hex            4%         N/A       63%         4


Dungeon Overview and Level Annotations

Branches:
Dungeon (1/15)

Altars:


Innate Abilities, Weirdness & Mutations

You are too large for most types of armour.
You have tough skin. (AC +1)


Message History

The endoplasm freezes you.
You are frozen.
You hit the endoplasm but do no damage.
The endoplasm is lightly wounded.
The endoplasm misses you.
You hit the endoplasm but do no damage.
The endoplasm is lightly wounded.
The endoplasm freezes you.
You are frozen.
* * * LOW HITPOINT WARNING * * *
You hit the endoplasm.
The endoplasm is heavily wounded.
The endoplasm freezes you.
You are frozen.
* * * LOW HITPOINT WARNING * * *
You hit the endoplasm.
The endoplasm is almost dead.
The endoplasm barely misses you.
You hit the endoplasm.
You kill the endoplasm!
You see here a +0 whip.
d - a +0 whip
d - a +0 whip (weapon)
You start resting.
A ball python comes into view.
A ball python is nearby!
Sorry, you're not good enough to have a special ability.
The ball python bites you but does no damage.
You hit the ball python but do no damage.
The ball python barely misses you.
You barely miss the ball python. The ball python closely misses you.
You closely miss the ball python. The ball python closely misses you.
The ball python bites you but does no damage.
You closely miss the ball python. The ball python barely misses you.
You barely miss the ball python. The ball python bites you.
* * * LOW HITPOINT WARNING * * *
You completely miss the ball python. The ball python bites you.
* * * LOW HITPOINT WARNING * * *
The ball python bites you.
You die...

##### ##############...##
.........@S.......#######
.############...........#
#.....#####†## .........#
#.... #.####..#.# ##.###
#..#.# #..# #..#.# #..###
#..#.# #.8.≈≈ #.....
##.≈≈≈


You could see a ball python.

Vanquished Creatures
  An endoplasm (D:1)
  A kobold (D:1)
  A rat (D:1)
3 creatures vanquished.

Notes
Turn   | Place    | Note
-------+----------+-------------------------------------------
     0 | D:1      | Bearserka the Ogre Arcane Marksman began the quest for the
                  | Orb.
     0 | D:1      | Reached XP level 1. HP: 19/19 MP: 2/2
     0 | D:1      | Upgraded the game from 0.28-a0-528-g4b98be1b05 to
                  | 0.28-a0-533-g9f97627e2a
   118 | D:1      | Slain by a ball python

Illustrated notes

Levels and vault maps discovered:
D:1:      psy_arrival_whirlpool, layout_loops_ring,
          hellmonk_ecumenical_altar_watching_god, hangedman_decor_points

Action                   || total
-------------------------++-------
Melee: Unarmed           ||    26
       Whip              ||     6
Armor: Robe              ||     6
Dodge: Dodged            ||    14

Table legend: (Time is in decaauts)
 A = Elapsed time spent in this place.
 B = Non-inter-level travel time spent in this place.
 C = Inter-level travel time spent in this place.
 D = Time resting spent in this place.
 E = Time spent auto-exploring this place.
 F = Levels seen in this place.
 G = Mean time per level.
                   A        B        C        D        E       F      G
               +--------+--------+--------+--------+--------+-----+--------+
         Total |    119 |    119 |      0 |     41 |     10 |   1 |  119.0 |
       Dungeon |    119 |    119 |      0 |     41 |     10 |   1 |  119.0 |
               +--------+--------+--------+--------+--------+-----+--------+

Top non-repeatable levels by time:
     D:1: 119 daAuts
